 Dungeon Crawl Stone Soup version 0.26-a0-660-gc07710193c (webtiles) character file.

Game seed: 1408032118589060612

914384 reriks the Conqueror (level 27, -1/139 HPs)
             Began as a Gargoyle Fighter on Oct 5, 2020.
             Was the Champion of Qazlal.
             Killed by divine providence
             ... invoked by a daeva
              (13 damage)
             ... in Pandemonium.
             The game lasted 03:41:48 (104312 turns).

reriks the Conqueror (Gargoyle Fighter)           Turns: 104312, Time: 03:41:49

Health: -1/139     AC: 71    Str: 37      XL:     27
Magic:  35/35      EV: 16    Int: 30 (31) God:    Qazlal [******]
Gold:   7078       SH: 29    Dex:  8 (9)  Spells: 26/26 levels left

rFire    + + +     SeeInvis .   a - +10 morningstar "Eos" {elec, Halo rElec}
rCold    + . .     Faith    .   N - +3 kite shield of Grot {Regen+ Int+7}
rNeg     + + +     Spirit   .   C - +12 crystal plate armour "Baineu" {Str+3}
rPois    ∞         Reflect  .   r - +4 helmet "Hunkopoi" {Int+4}
rElec    +         Harm     .   D - scarf {rC+ rF+}
rCorr    .         Rampage  .   i - +2 pair of gloves {Str+3}
MR       ++++.     Rnd*Rage +   W - +3 pair of boots of the Learner {Regen+ MP+9 Str+7 Int+4} Stlth ..........Rnd*Tele +
                                x - amulet "Ucacegg" {rN+ Regen+ Int+4}
HPRegen  0.00/turn              I - ring of Zulaet {rN+ MR+ Int+2 Dex+2}
MPRegen  0.24/turn              T - ring "Xikkypu" {rF+ rN+ MR+ Slay+2}

@: berserk cooldown, flying, slowed, glowing, studying Slings, repel missiles,
very slow
A: big wings, hooves 1, thin skeletal structure 1, berserk 3, blurry vision 3,
clumsy 2, deformed body, deterioration 2, dopey 2, fire resistance 1, frail 3,
low mp 3, negative energy resistance 1, screaming 3, electricity resistance,
inhibited regeneration, teleportitis 1, weak 2, unbreathing, petrification
resistance, rot immunity, subdued magic 3, AC +20
}: 6/15 runes: barnacled, silver, iron, obsidian, glowing, gossamer
a: Stop Flying, Upheaval, Elemental Force, Disaster Area, Renounce Religion


You were in Pandemonium.
You worshipped Qazlal.
Qazlal was exalted by your worship.
You visited 14 branches of the dungeon, and saw 68 of its levels.
You visited Pandemonium 1 time, and saw 2 of its levels.
You visited the Abyss 1 time.
You also visited: Trove, Ossuary, Bailey, Ice Cave and Wizlab.

You collected 11066 gold pieces.
You spent 3988 gold pieces at shops.

Inventory:

Hand Weapons
 a - the +10 morningstar "Eos" (weapon) {elec, Halo rElec}
   (You found it in a treasure trove)

   Occasionally, upon striking a foe, it will discharge some electrical energy
   and cause terrible harm.
   It insulates you from electricity.
 b - a +6 vampiric eveningstar
 y - the +2 Maxwell's thermic engine {flame, freeze}
   (You took it off an ironheart preserver on level 5 of the Vaults)

   It has been specially enchanted to burn those struck by it, causing extra
   injury to most foes and up to half again as much damage against particularly
   susceptible opponents.
   Big, fiery blades are also staple armaments of hydra-hunters.
   It has been specially enchanted to freeze those struck by it, causing extra
   injury to most foes and up to half again as much damage against particularly
   susceptible opponents.
Armour
 i - a +2 pair of gloves of strength (worn)
 p - the +10 tower shield of Ignorance {rN+ Int-4}
   (You took it off a deep elf death mage on level 3 of the Elven Halls)

   It affects your intelligence (-4).
   It protects you from negative energy.
 r - the +4 helmet "Hunkopoi" (worn) {Int+4}
   (You acquired it on level 5 of the Vaults)

   It affects your intelligence (+4).
 C - the +12 crystal plate armour "Baineu" (worn) {Str+3}
   (You took it off an orc in a bailey)

   It affects your strength (+3).
 D - a scarf of resistance (worn)
 J - the +2 pair of gloves "Tues" {-Tele Str+4 Dex+3}
   (You found it on level 7 of the Iron City of Dis)

   It affects your strength (+4).
   It affects your dexterity (+3).
   It prevents most forms of teleportation.
 N - the +3 kite shield of Grot (worn) {Regen+ Int+7}
   (You bought it in a shop on level 5 of the Dungeon)

   It affects your intelligence (+7).
   It increases your rate of regeneration.
 W - the +3 pair of boots of the Learner (worn) {Regen+ MP+9 Str+7 Int+4}
   (You found it in an ice cave)

   It affects your strength (+7).
   It affects your intelligence (+4).
   It affects your magic capacity (+9).
   It increases your rate of regeneration.
Jewellery
 g - an uncursed ring of protection from cold {unknown}
 s - a +6 ring of intelligence {unknown}
 w - the amulet of Gepeorum {RegenMP rC++ Int-4 SInv}
   (You found it in a treasure trove)

   [amulet of magic regeneration]

   It increases your magic regeneration.
   It affects your intelligence (-4).
   It greatly protects you from cold.
   It lets you see invisible.
 x - the amulet "Ucacegg" (around neck) {rN+ Regen+ Int+4}
   (You found it in a treasure trove)

   [amulet of regeneration]

   It affects your intelligence (+4).
   It protects you from negative energy.
   It increases your rate of regeneration.
 F - an uncursed ring of protection from magic
 I - the ring of Zulaet (left hand) {rN+ MR+ Int+2 Dex+2}
   (You found it on level 3 of the Crypt)

   [ring of positive energy]

   It affects your intelligence (+2).
   It affects your dexterity (+2).
   It protects you from negative energy.
   It affects your resistance to hostile enchantments.
 T - the ring "Xikkypu" (right hand) {rF+ rN+ MR+ Slay+2}
   (You found it on level 3 of the Crypt)

   [ring of positive energy]

   It affects your accuracy and damage with ranged weapons and melee attacks
   (+2).
   It protects you from fire.
   It protects you from negative energy.
   It affects your resistance to hostile enchantments.
Wands
 E - a wand of acid (48)
 R - a wand of iceblast (38)
 S - a wand of digging (23)
Scrolls
 c - 5 scrolls of summoning
 f - 20 scrolls of teleportation
 k - 30 scrolls of identify
 l - 8 scrolls of magic mapping
 z - 4 scrolls of fog
 A - 14 scrolls of fear
 G - 12 scrolls of amnesia
 H - 7 scrolls of blinking
 P - 6 scrolls of silence
 V - 32 scrolls of remove curse
 X - 2 scrolls of holy word
 Z - 10 scrolls of enchant armour
Potions
 d - 7 potions of mutation
 e - 9 potions of ambrosia
 h - 15 potions of brilliance
 j - 12 potions of heal wounds
 m - 2 potions of magic
 n - 8 potions of cancellation
 o - 6 potions of haste
 q - 7 potions of lignification
 u - 24 potions of curing
 B - 3 potions of stabbing
 K - 4 potions of resistance
 O - 4 potions of might
 Q - 4 potions of berserk rage
Books
 U - a manual of Slings


   Skills:
 O Level 27 Fighting
 * Level 15.6 Long Blades
 - Level 20.3 Maces & Flails
 + Level 25.5 Armour
 + Level 21.6 Dodging
 + Level 22.8 Shields
 + Level 22.2 Invocations


You had 26 spell levels left.
You didn't know any spells.
Your spell library contained the following spells:

 Spells                   Type           Power        Failure   Level
 Apportation              Tloc           #.....       26%         1
 Corona                   Hex            #......      26%         1
 Foxfire                  Conj/Fire      #...         26%         1
 Freeze                   Ice            #...         26%         1
 Magic Dart               Conj           #...         26%         1
 Sandblast                Erth           #.....       26%         1
 Sting                    Tmut/Pois      #...         26%         1
 Blink                    Tloc           N/A          41%         2
 Corpse Rot               Necr/Air       N/A          41%         2
 Ensorcelled Hibernation  Hex/Ice        #.....       41%         2
 Passwall                 Tmut/Erth      #.......     41%         2
 Poisonous Vapours        Pois/Air       #.....       41%         2
 Searing Ray              Conj           #.....       41%         2
 Slow                     Hex            #.......     41%         2
 Confusing Touch          Hex            #.......     65%         3
 Conjure Flame            Conj/Fire      #.......     65%         3
 Dazzling Flash           Conj/Hex       #.....       65%         3
 Frozen Ramparts          Ice            #.....       65%         3
 Gell's Gravitas          Tloc           #.........   65%         3
 Ignite Poison            Fire/Tmut/Pois #.......     65%         3
 Inner Flame              Hex/Fire       #.......     65%         3
 Lesser Beckoning         Tloc           #.........   65%         3
 Mephitic Cloud           Conj/Pois/Air  #.......     65%         3
 Ozocubu's Armour         Ice            #.......     65%         3
 Portal Projectile        Hex/Tloc       #.....       65%         3
 Spider Form              Tmut/Pois      #.........   65%         3
 Static Discharge         Conj/Air       #.......     65%         3
 Stone Arrow              Conj/Erth      #.....       65%         3
 Summon Guardian Golem    Hex/Summ       #.......     65%         3
 Teleport Other           Tloc           #.......     65%         3
 Tukima's Dance           Hex            #.......     65%         3
 Vampiric Draining        Necr           #.........   65%         3
 Animate Dead             Necr           #.........   97%         4
 Cause Fear               Hex            #.........   97%         4
 Dispel Undead            Necr           #.......     97%         4
 Fulminant Prism          Conj/Hex       #.........   97%         4
 Hailstorm                Conj/Ice       #.......     97%         4
 Ice Form                 Ice/Tmut       #.......     97%         4
 Iskenderun's Mystic Bla  Conj/Tloc      #.......     97%         4
 Leda's Liquefaction      Hex/Erth       #.........   97%         4
 Passage of Golubria      Tloc           N/A          97%         4
 Petrify                  Tmut/Erth      #.......     97%         4
 Sticky Flame             Conj/Fire      #.......     97%         4
 Summon Ice Beast         Ice/Summ       #.......     97%         4
 Summon Lightning Spire   Summ/Air       #.......     97%         4
 Agony                    Necr           #.......     100%        5
 Alistair's Intoxication  Tmut/Pois      #........    100%        5
 Bolt of Magma            Conj/Fire/Erth #.........   100%        5
 Borgnjor's Vile Clutch   Necr/Erth      #.........   100%        5
 Excruciating Wounds      Necr           #.........   100%        5
 Fireball                 Conj/Fire      #.........   100%        5
 Iskenderun's Battlesphe  Conj           #.......     100%        5
 Lee's Rapid Deconstruct  Erth           #.........   100%        5
 Lightning Bolt           Conj/Air       #.........   100%        5
 Metabolic Englaciation   Hex/Ice        #.........   100%        5
 Silence                  Hex/Air        #.........   100%        5
 Yara's Violent Unravell  Hex/Tmut       #.........   100%        5
 Conjure Ball Lightning   Conj/Air       #.........   100%        6
 Death Channel            Necr           #.........   100%        6
 Dispersal                Tloc           #.........   100%        6
 Freezing Cloud           Conj/Ice/Air   #.........   100%        6
 Invisibility             Hex            #.......     100%        6
 Iron Shot                Conj/Erth      #.........   100%        6
 Shadow Creatures         Summ           N/A          100%        6
 Simulacrum               Ice/Necr       #.........   100%        6
 Starburst                Conj/Fire      #.........   100%        6
 Dragon Form              Tmut           #.........   100%        7
 Malign Gateway           Summ/Tloc      #.........   100%        7
 Monstrous Menagerie      Summ           #.........   100%        7
 Orb of Destruction       Conj           #.........   100%        7
 Summon Greater Demon     Summ           #.........   100%        7
 Summon Hydra             Summ           #.........   100%        7
 Chain Lightning          Conj/Air       #.........   100%        8
 Discord                  Hex            #.........   100%        8
 Disjunction              Tloc           #.........   100%        8
 Ignition                 Fire           #.........   100%        8
 Lehudib's Crystal Spear  Conj/Erth      #.........   100%        8
 Summon Horrible Things   Summ           #.........   100%        8
 Absolute Zero            Ice            #.........   100%        9
 Dragon's Call            Summ           #.........   100%        9
 Fire Storm               Conj/Fire      #.........   100%        9
 Shatter                  Erth           #.........   100%        9
 Tornado                  Air            #.........   100%        9
 Sublimation of Blood     Necr           Unusable     N/A         2
 Statue Form              Tmut/Erth      Unusable     N/A         6

Dungeon Overview and Level Annotations

Branches:
Dungeon (15/15)            Temple (1/1) D:5            Lair (6/6) D:10
 Shoals (4/4) Lair:4       Spider (4/4) Lair:4        Slime (0/5) Lair:5
    Orc (2/2) D:11            Elf (3/3) Orc:2        Vaults (5/5) D:14
  Crypt (3/3) Vaults:2       Tomb (0/3) Crypt:3      Depths (5/5) D:15
   Hell (visited)             Dis (7/7) Hell            Geh (7/7) Hell
    Coc (0/7) Hell            Tar (0/7) Hell            Zot (5/5) Depths:5
Ossuary (visited)          Bailey (visited)           IceCv (visited)
 WizLab (visited)

Altars:
Ashenzari
Cheibriados
Dithmenos
Elyvilon
Fedhas
Gozag
Hepliaklqana
Kikubaaqudgha
Makhleb
Nemelex Xobeh
Okawaru
Qazlal
Ru
Sif Muna
Trog
Uskayaw
Vehumet
Wu Jian
Xom
Yredelemnul
Zin
The Shining One
Lugonu

Shops:
D:5 [   D:15 (   Orc:2 *::}   Elf:1 (   Elf:2 !   Elf:3 :   Shoals:2 =[*
Shoals:4 ?   Vaults:1 ?   Vaults:4 [   Vaults:5 !}}?!?   Depths:2 *

Portals:
Hell: Depths:1 Depths:2 Depths:3 Depths:4 Depths:5
Abyss: Depths:3 Depths:4 Depths:5
Pandemonium: Depths:3 Depths:5
Ziggurat: Depths:2


Innate Abilities, Weirdness & Mutations

You are resistant to torment.
Your stone body is resilient. (AC +20)
You are immune to poison.
Your large and strong wings let you fly indefinitely.
You resist negative energy. (rN+)
You are resistant to electric shocks. (rElec)
You can survive without breathing.
You are immune to petrification.
You are immune to rotting.
You have large cloven feet.
You have a somewhat thin skeletal structure. (Dex +2, Stealth)
You have an uncontrollable temper.
Scrolls take you much longer to read.
You are very clumsy. (Dex -4)
Armour fits poorly on your strangely shaped body.
Your body often deteriorates upon taking damage.
You are very dopey. (Int -4)
Your flesh is heat resistant. (rF+)
You are extremely frail. (-30% HP)
Your magical capacity is extremely low. (-30% MP)
You frequently scream uncontrollably at your foes.
You do not regenerate when monsters are visible.
You are occasionally teleported next to monsters.
You are very weak. (Str -4)
Your spells are much easier to cast, but much less powerful.


Message History

You block the lorocyproca's attack. The gelid black sun blocks your attack.
The gelid black sun is moderately wounded.
The balrug gestures at you. Something smites you!
* * * LOW HITPOINT WARNING * * *
You block the gelid black sun's attack. You block the lorocyproca's attack.
You sock the gelid black sun!
The gelid black sun is heavily wounded.
The daeva calls down the wrath of the Shining One upon you.
The Shining One smites you!
* * * LOW HITPOINT WARNING * * *
Your body deteriorates!
You feel clumsy. You block the gelid black sun's attack.
You block the lorocyproca's attack.
You hit the gelid black sun but do no damage.
Lightning courses through the gelid black sun!
The gelid black sun is severely wounded.
The daeva calls down the wrath of the Shining One upon you.
The Shining One smites you!
You die...

≈≈≈#.....≈ .....#
≈≈≈≈.(...# .....#
≈≈≈≈.....###.....#
≈≈≈≈...$.#..2.....
≈≈.....$..A......?
≈≈......°.........
#......§.☼2......
#......§.@6.3....
#.......§..§24...
#....(..°.°......
#.........#######
#.........#
###########


You could see a daeva, a lorocyproca (invisible), a reaper, a balrug, a gelid
black sun (black mark, icemail), a sun demon and a red devil.

Vanquished Creatures
  Asmodeus (Geh:7)
  Mnoleg (Pan)
  Dispater (Dis:7)
  8 ancient liches
  Mara (Vaults:2)
  3 orbs of fire (Zot:5)
  Boris (twice) (Vaults:4 Depths:3)
  Bai Suzhen (Vaults:3)
  8 Killer Klowns
  Margery (Crypt:1)
  Saint Roka (Depths:2)
  3 curse toes
  A caustic shrike (shapeshifter) (Vaults:4)
  Geryon (Hell)
  10 golden dragons
  Nikola (Shoals:4)
  Arachne (Spider:3)
  the Enchantress (Depths:3)
  4 bone dragons
  The ghost of krigyl the Champion of Chaos, an adept DDWr of Makhleb (Zot:5)
  2 electric golems (Zot:5)
  6 iron giants
  13 Brimstone Fiends
  6 Ice Fiends
  10 Hell Sentinels
  16 tentacled monstrosities
  9 liches
  8 titans
  2 deep elf blademasters (Elf:3)
  8 Orb Guardians (Zot:5)
  12 quicksilver dragons
  2 deep elf master archers (Elf:3)
  An Executioner (Dis:7)
  10 sphinxes
  A kraken (Shoals:1)
  Frances (Spider:2)
  A sphinx (shapeshifter) (Depths:2)
  14 ancient champions
  8 death cobs
  Kirke (D:11)
  7 tengu reavers
  15 shadow dragons
  14 storm dragons
  The ghost of Ynimisio the Geomancer, an adept GrEE of Vehumet (D:14)
  Ilsuiw (Shoals:3)
  6 fire giants
  6 draconian monks
  Donald (Vaults:3)
  3 revenants
  A frost giant (shapeshifter) (D:15)
  3 draconian scorchers
  14 vault wardens
  4 ghost moths
  9 frost giants
  9 draconian knights
  A corrupter (Pan)
  2 curse skulls
  2 iron dragons
  12 deep elf sorcerers
  A draconian stormcaller (Zot:3)
  Louise (Spider:3)
  4 emperor scorpions
  7 deep elf elementalists
  A caustic shrike zombie (Depths:4)
  20 cacodemons
  15 balrugs
  28 stone giants
  5 draconian annihilators
  10 ironheart preservers
  14 large abominations
  5 ghouls
  20 war gargoyles
  3 spriggan defenders (Depths:3)
  7 draconian shifters
  34 reapers
  12 vampire knights
  10 green draconians
  8 deep elf demonologists
  26 very ugly things
  A black sun (Pan)
  A dire elephant (Lair:6)
  11 red draconians
  6 white draconians
  4 spark wasps (Depths:5)
  10 deep elf annihilators
  16 yellow draconians
  5 black draconians
  5 purple draconians
  An orange crystal statue (WizLab)
  2 green deaths
  6 quicksilver dragon zombies
  7 merfolk javelineers
  2 eidola (Crypt:1)
  A fire dragon (shapeshifter) (D:15)
  11 deep elf death magi
  19 ettins
  3 death oozes (Crypt:2)
  4 crystal guardians
  6 blizzard demons
  17 yaktaur captains
  4 great orbs of eyes
  4 deep elf high priests (Elf:3)
  10 merfolk impalers
  12 fire dragons
  21 jiangshi
  4 quicksilver dragon skeletons
  2 hell beasts
  4 rakshasas
  An alligator snapping turtle (Shoals:4)
  31 vault guards
  15 hydras
  18 ice dragons
  4 catoblepae
  7 boulder beetles
  5 merfolk aquamancers
  3 spriggan air magi
  13 centaur warriors
  2 death knights
  2 merfolk avatars (Shoals:4)
  47 two-headed ogres
  40 dancing weapons
  A satyr (Shoals:2)
  20 death yaks
  15 ogre magi
  12 deep troll shamans
  33 hell hogs
  A queen ant (D:10)
  10 vampire magi
  5 spriggan berserkers
  5 titan zombies
  7 storm dragon zombies
  14 deep troll earth magi
  5 tengu warriors
  14 sun demons
  13 soul eaters
  14 deep elf knights
  4 shadow wraiths
  4 iron trolls
  64 hell knights
  An iron golem (Dis:4)
  18 sixfirhies (Pan)
  80 skeletal warriors
  4 golden dragon zombies
  14 sea snakes
  7 anaconda zombies
  13 flayed ghosts
  6 unseen horrors
  4 glowing orange brains
  45 deep trolls
  5 golden dragon skeletons
  A deep troll (shapeshifter) (Vaults:3)
  2 ghost moth zombies
  14 phantasmal warriors
  An infernal demonspawn (Depths:3)
  Pikel (D:8)
  12 deep elf archers
  52 harpies
  4 shadow dragon zombies
  31 necromancers
  20 orc knights
  A lindwurm (Lair:6)
  A torturous demonspawn (Depths:3)
  7 fire giant zombies
  2 anaconda skeletons
  23 ironbrand convokers
  4 wolf spider zombies
  4 iron dragon zombies
  A mana viper (shapeshifter) (Vaults:3)
  A lindwurm (shapeshifter) (D:15)
  7 human zombies
  8 fauns
  A wolf spider (shapeshifter) (Vaults:4)
  22 orb spiders
  An oklob plant (Lair:5)
  27 wolf spiders
  62 deep elf magi
  5 frost giant zombies
  4 shadow dragon skeletons
  4 stone giant zombies
  2 tengu skeletons
  2 iron dragon skeletons
  81 ugly things
  5 shining eyes (Pan)
  38 moths of wrath
  2 orc sorcerers
  19 cyclopes
  2 dire elephant zombies
  17 manticores
  A shining eye (shapeshifter) (Depths:1)
  18 merfolk sirens
  16 vault sentinels
  An elf zombie (Depths:4)
  A water nymph (shapeshifter) (Vaults:3)
  3 ice statues
  5 elephants
  2 fire giant skeletons
  2 stone giant skeletons
  6 black mambas
  4 frost giant skeletons
  13 orange demons
  4 torpor snails
  A gargoyle (D:11)
  A shock serpent zombie (Dis:7)
  A smoke demon (Geh:1)
  Joseph (Lair:1)
  2 eyes of devastation (Pan)
  8 molten gargoyles
  49 rust devils
  11 cane toads
  6 water nymphs
  A grey draconian zombie (Crypt:2)
  A catoblepas zombie (Dis:5)
  27 hellions
  A dire elephant skeleton (Geh:1)
  12 freezing wraiths
  59 yaktaurs
  3 anaconda simulacra (IceCv)
  24 tormentors
  21 demonic crawlers
  18 komodo dragons
  3 hellwings
  3 rime drakes
  A ghost moth simulacrum (Hell)
  An emperor scorpion zombie (Dis:3)
  16 ice devils
  A harpy zombie (Geh:7)
  22 red devils
  2 yaktaur skeletons (Depths:1)
  4 efreet
  2 catoblepas skeletons (Geh:7)
  5 tengu conjurers
  2 small abominations
  A golden dragon simulacrum (IceCv)
  5 hydra zombies
  22 merfolk
  The ghost of grandjackal the Skirmisher, an amateur DrWz (D:4)
  2 queen bees
  19 trolls
  48 jumping spiders
  2 tyrant leeches (shapeshifter)
  3 human skeletons
  19 hornets
  3 meliai (Lair:4)
  12 snapping turtles
  A hornet (shapeshifter) (Depths:3)
  46 slime creatures
  A wolf spider simulacrum (IceCv)
  3 polar bears (Lair:6)
  16 blink frogs
  5 dream sheep
  3 harpy skeletons
  A bog body (Crypt:2)
  A meliai zombie (D:13)
  7 wind drakes
  6 alligator zombies
  10 ettin zombies
  A human simulacrum (Vaults:3)
  3 ice dragon zombies
  2 stone giant simulacra
  4 fire dragon zombies
  76 flying skulls
  2 black mamba zombies
  A redback (shapeshifter) (D:15)
  10 spriggans
  3 tarantellas (shapeshifter)
  2 air elementals
  23 wraiths
  A shock serpent simulacrum (Hell)
  44 yaks
  A yak (shapeshifter) (D:15)
  63 redbacks
  5 wyverns
  Eustachio (D:4)
  8 shadows
  25 tarantellas
  2 hogs (D:12)
  15 water elementals
  4 golden eyes (Pan)
  A golden eye (shapeshifter) (Vaults:5)
  2 alligator skeletons (Hell)
  7 basilisks
  A dire elephant simulacrum (IceCv)
  2 black mamba skeletons
  15 fire elementals
  A human (D:12)
  7 chaos spawn
  A steam dragon (D:13)
  18 neqoxecs (Pan)
  7 vampire mosquitoes
  Menkaure (D:4)
  A merfolk zombie (Dis:4)
  2 death yak simulacra (IceCv)
  15 soldier ants
  An insubstantial wisp (Depths:2)
  6 harpy simulacra (IceCv)
  A soldier ant (shapeshifter) (Vaults:2)
  Duvessa (D:5)
  2 iron troll simulacra (IceCv)
  13 wargs
  An acid dragon (shapeshifter) (Depths:2)
  5 acid dragons
  7 water moccasins
  2 hydra simulacra
  57 hell hounds
  5 cane toad zombies
  4 floating eyes
  2 faun skeletons
  A merfolk skeleton (Dis:7)
  56 orc warriors
  3 ice beasts
  A cane toad skeleton (Geh:3)
  A hornet zombie (D:11)
  3 sky beasts
  A sky beast (shapeshifter) (D:10)
  8 eyes of draining
  2 manticore zombies
  A black bear (D:12)
  3 snapping turtle zombies
  A deep troll simulacrum (Depths:1)
  18 centaurs
  An ettin simulacrum (IceCv)
  6 necrophages
  50 ogres
  2 swamp dragon skeletons
  An ogre (shapeshifter) (Depths:1)
  5 phantoms
  A centaur (shapeshifter) (Depths:1)
  A snapping turtle skeleton (Dis:7)
  25 wolves
  3 big kobolds
  20 bullfrogs
  A hog skeleton (Crypt:2)
  Blork the orc (D:6)
  An elf skeleton (Crypt:2)
  A wyvern zombie (D:14)
  4 earth elementals
  2 water moccasin zombies
  2 wyvern skeletons
  A troll zombie (D:11)
  6 scorpions
  Dowan (D:5)
  A spriggan zombie (Crypt:3)
  39 killer bees
  28 wights
  A troll skeleton (Geh:7)
  A polar bear skeleton (Crypt:1)
  4 electric eels
  4 howler monkeys
  7 crimson imps
  A bullfrog zombie (D:9)
  4 centaur zombies
  9 draconian simulacra (IceCv)
  4 jellies
  4 quasits
  A jelly (shapeshifter) (Depths:1)
  33 orc wizards
  5 iguanas
  26 orc priests
  7 hounds
  19 iron imps
  4 bullfrog skeletons
  6 centaur skeletons
  A black bear skeleton (Crypt:1)
  Terence (D:2)
  39 worker ants
  11 hell rats
  A killer bee zombie (D:7)
  2 wolf simulacra (IceCv)
  2 polar bear simulacra (IceCv)
  2 troll simulacra (IceCv)
  5 ogre zombies (D:11)
  A big kobold zombie (Ossuary)
  A centaur simulacrum (IceCv)
  A naga zombie (Dis:7)
  A tengu zombie (Dis:3)
  2 hound skeletons
  10 mummies
  A worker ant zombie (D:10)
  Robin (D:3)
  A naga simulacrum (IceCv)
  11 adders
  4 gnolls (D:3)
  An ogre simulacrum (IceCv)
  3 shadow imps
  6 white imps
  11 ufetubi
  2 adder zombies
  An adder skeleton (D:9)
  7 worms
  2 dart slugs
  6 leopard geckos
  118 orcs
  8 giant cockroaches
  22 goblins
  15 hobgoblins
  8 jackals
  4 quokkas
  13 bats
  8 frilled lizards
  2 goblin skeletons (D:11)
  A goblin zombie (D:11)
  2 hobgoblin skeletons
  4 hobgoblin zombies (Ossuary)
  28 kobolds
  A kobold skeleton (Crypt:2)
  4 kobold zombies
  A leopard gecko zombie (D:5)
  2 orc skeletons (D:11)
  14 orc zombies
  A quokka skeleton (D:7)
  7 rats
  A spectral orc (D:3)
  14 butterflies
  2 crawling corpses (Vaults:3)
  4 tentacles (Shoals:1)
3809 creatures vanquished.

Vanquished Creatures (others)
  2 eldritch tentacles (Pan)
  A rakshasa (Depths:2)
  A hell hog (Geh:4)
  A deep elf knight (Vaults:3)
  A necromancer (Depths:1)
  A fire giant zombie (Dis:6)
  An orb spider (Spider:4)
  An ugly thing (Depths:5)
  A wolf spider (Spider:3)
  2 deep elf magi
  A molten gargoyle (Geh:7)
  A rime drake (Elf:3)
  2 jumping spiders
  2 flying skulls (Geh:4)
  A human (D:12)
  A water elemental (Elf:1)
  A hell hound (Dis:6)
  3 ogres
  A wight (Geh:3)
  2 iron imps (Dis:7)
  An orc wizard (Orc:2)
  2 white imps (IceCv)
  3 ufetubi (IceCv)
  31 fungi
  85 plants
  4 tentacles (Shoals:1)
  18 withered plants
171 creatures vanquished.

Grand Total: 3980 creatures vanquished

Notes
Turn   | Place    | Note
-------+----------+-------------------------------------------
     0 | D:1      | reriks the Gargoyle Fighter began the quest for the Orb.
     0 | D:1      | Reached XP level 1. HP: 14/14 MP: 1/1
   131 | D:1      | Reached XP level 2. HP: 19/19 MP: 2/2
   655 | D:1      | Reached XP level 3. HP: 23/23 MP: 3/3
  1147 | D:2      | Reached skill level 1 in Dodging
  1475 | D:2      | Noticed Terence
  1482 | D:2      | Killed Terence
  1482 | D:2      | Reached XP level 4. HP: 29/29 MP: 4/4
  1841 | D:2      | Found a shimmering blue altar of Sif Muna.
  2161 | D:2      | Reached skill level 4 in Fighting
  2161 | D:2      | Reached XP level 5. HP: 31/33 MP: 5/5
  2224 | D:3      | Found a sparkling altar of Nemelex Xobeh.
  2514 | D:3      | Reached XP level 6. HP: 22/38 MP: 6/6
  3060 | D:3      | Noticed Robin
  3077 | D:3      | Killed Robin
  3150 | D:3      | Found a basalt altar of Yredelemnul.
  3282 | D:4      | Noticed Menkaure
  3400 | D:4      | Killed Menkaure
  3400 | D:4      | Reached XP level 7. HP: 18/44 MP: 7/7
  3722 | D:4      | Found a transporter.
  3735 | D:4      | Noticed grandjackal's ghost (amateur DrWz)
  3799 | D:4      | Reached skill level 5 in Fighting
  3799 | D:4      | Reached skill level 5 in Armour
  3799 | D:4      | Reached skill level 5 in Shields
  3868 | D:4      | Noticed Eustachio
  3888 | D:4      | Killed Eustachio
  4147 | D:4      | Found a transporter.
  4378 | D:5      | Entered Level 5 of the Dungeon
  4415 | D:5      | Found a snail-covered altar of Cheibriados.
  4428 | D:5      | Reached XP level 8. HP: 11/50 MP: 8/8
  4658 | D:5      | Found a sand-covered staircase.
  4781 | Ossuary  | Entered an ossuary
  5596 | D:5      | Found Quojommu's Armour Boutique.
  5696 | D:5      | Found a staircase to the Ecumenical Temple.
  5784 | Temple   | Entered the Ecumenical Temple
  6023 | Temple   | Became a worshipper of Qazlal Stormbringer
  6516 | D:5      | Noticed Dowan
  6528 | D:5      | Killed Dowan
  6528 | D:5      | Reached skill level 6 in Fighting
  6528 | D:5      | Reached skill level 5 in Maces & Flails
  6562 | D:5      | Noticed Duvessa
  6571 | D:5      | Killed Duvessa
  6761 | D:6      | Noticed Blork the orc
  6772 | D:6      | Killed Blork the orc
  6832 | D:6      | Reached XP level 9. HP: 55/56 MP: 9/9
  6893 | D:6      | Found an ancient bone altar of Kikubaaqudgha.
  7087 | D:6      | Found a bloodstained altar of Trog.
  7260 | D:6      | Found a glowing silver altar of Zin.
  7991 | D:7      | Reached * piety under Qazlal
  8159 | D:6      | Reached skill level 7 in Fighting
  8864 | D:7      | Reached ** piety under Qazlal
  9535 | D:8      | Found a flagged portal.
  9547 | Bailey   | Entered a bailey
  9592 | Bailey   | Reached XP level 10. HP: 59/63 MP: 5/10
  9902 | Bailey   | Reached skill level 5 in Dodging
  9916 | Bailey   | Identified the +12 crystal plate armour "Baineu" {Str+3}
  9917 | Bailey   | Noticed an orc knight
 10572 | D:8      | Noticed a two-headed ogre
 10605 | D:8      | Killed a two-headed ogre
 10605 | D:8      | Reached skill level 8 in Fighting
 10743 | D:8      | Found a bloodstained altar of Trog.
 10757 | D:8      | Noticed a two-headed ogre
 10776 | D:8      | Killed a two-headed ogre
 10799 | D:8      | Noticed Pikel
 10819 | D:8      | Killed Pikel
 11197 | D:8      | Found a glowing golden altar of the Shining One.
 11578 | D:9      | Reached *** piety under Qazlal
 11578 | D:9      | Reached XP level 11. HP: 69/69 MP: 11/11
 11645 | D:9      | Reached skill level 1 in Invocations
 12399 | D:5      | Bought a scarf of repulsion for 168 gold pieces
 12399 | D:5      | Bought the +3 kite shield of Grot {Regen+ Int+7} for 576
                  | gold pieces
 12605 | D:10     | Entered Level 10 of the Dungeon
 12725 | D:10     | Noticed a two-headed ogre
 12753 | D:10     | Killed a two-headed ogre
 13096 | D:10     | Reached **** piety under Qazlal
 13098 | D:10     | Noticed a queen ant
 13115 | D:10     | Killed a queen ant
 13115 | D:10     | Reached skill level 9 in Fighting
 13115 | D:10     | Reached skill level 10 in Armour
 13304 | D:10     | Reached ***** piety under Qazlal
 13420 | D:10     | Found a staircase to the Lair.
 13680 | Lair:1   | Entered Level 1 of the Lair of Beasts
 13708 | Lair:1   | Noticed a four-headed hydra
 13717 | Lair:1   | Killed a four-headed hydra
 13717 | Lair:1   | Reached XP level 12. HP: 73/76 MP: 14/14
 13730 | Lair:1   | Noticed Joseph
 13745 | Lair:1   | Killed Joseph
 15303 | Lair:2   | Noticed a boulder beetle
 15317 | Lair:2   | Killed a boulder beetle
 15333 | Lair:2   | Noticed a four-headed hydra
 15348 | Lair:2   | Killed a four-headed hydra
 15348 | Lair:2   | Reached skill level 10 in Shields
 15348 | Lair:2   | Reached skill level 5 in Invocations
 15450 | Lair:2   | Reached skill level 10 in Fighting
 16038 | Lair:3   | Reached XP level 13. HP: 82/82 MP: 15/17
 17342 | Lair:3   | Got a shimmering buckler
 17343 | Lair:3   | Identified the cursed -4 buckler "Tiwk" {+Fly rN+ Dex-5
                  | Slay+3} (You found it on level 3 of the Lair of Beasts)
 18096 | Lair:4   | Found a hole to the Spider Nest.
 18390 | Lair:4   | Found a staircase to the Shoals.
 19985 | Lair:5   | Found a staircase to the Slime Pits.
 20091 | Lair:6   | Entered Level 6 of the Lair of Beasts
 20098 | Lair:6   | Reached ****** piety under Qazlal
 20130 | Lair:6   | Gained mutation: Your large and strong wings let you fly
                  | indefinitely. [Gargoyle growth]
 20130 | Lair:6   | Reached XP level 14. HP: 88/88 MP: 19/19
 20276 | Lair:6   | Reached skill level 10 in Maces & Flails
 20283 | Lair:6   | Reached skill level 11 in Fighting
 20474 | Lair:6   | Reached skill level 10 in Dodging
 21578 | Lair:6   | Noticed a dire elephant
 21647 | Lair:6   | Killed a dire elephant
 21991 | D:11     | Found a staircase to the Orcish Mines.
 22100 | D:11     | Reached XP level 15. HP: 95/95 MP: 21/21
 23051 | D:4      | Killed grandjackal's ghost
 23452 | Orc:1    | Entered Level 1 of the Orcish Mines
 24269 | Orc:2    | Entered Level 2 of the Orcish Mines
 24269 | Orc:2    | Found Xinazitu's Book Boutique.
 25000 | Orc:2    | Found Qerchieho's Gadget Boutique.
 25026 | Orc:2    | Found Feutrish's Assorted Antiques.
 25028 | Orc:2    | Found Goivy's Book Emporium.
 25323 | Orc:2    | Found a staircase to the Elven Halls.
 25475 | Spider:1 | Entered Level 1 of the Spider Nest
 25597 | Lair:4   | Reached skill level 12 in Fighting
 25886 | D:12     | Noticed Kirke
 26035 | D:11     | Killed Kirke
 26183 | D:12     | Reached skill level 15 in Armour
 26251 | D:12     | Found the +3 giant club "Skullcrusher" {speed, Str+7}
 27011 | D:13     | Reached XP level 16. HP: 101/101 MP: 9/22
 28120 | D:14     | Got a warped whip
 28219 | D:14     | Identified the +6 whip "Omity" {flame, rC+ MP+9} (You found
                  | it on level 14 of the Dungeon)
 28256 | D:14     | Found a gate to the Vaults.
 28279 | D:14     | Found a runed translucent gate.
 28279 | D:14     | Found a runed translucent gate.
 28281 | D:14     | Found a runed translucent gate.
 28282 | D:14     | Noticed Ynimisio's ghost (adept GrEE)
 29046 | D:14     | Killed Ynimisio's ghost
 29101 | D:14     | Got a sapphire-encrusted scale mail
 29102 | D:14     | Identified the cursed +0 scale mail of Integrity {rPois
                  | Dex-5 Slay+2} (You found it on level 14 of the Dungeon)
 29127 | D:15     | Entered Level 15 of the Dungeon
 29538 | D:15     | Found Oropnoh's Weapon Shoppe.
 30251 | Lair:4   | Reached skill level 10 in Invocations
 30339 | Lair:4   | Reached XP level 17. HP: 108/108 MP: 24/24
 31071 | Spider:2 | Noticed Frances
 31573 | Spider:2 | Killed Frances
 31573 | Spider:2 | Reached skill level 13 in Fighting
 31831 | Spider:2 | Identified a scroll of acquirement
 31831 | Spider:2 | Acquired 1105 gold pieces
 32172 | Spider:3 | Noticed Arachne
 32213 | Spider:3 | Killed Arachne
 32404 | Spider:3 | Noticed Louise
 32457 | Spider:3 | Killed Louise
 32511 | Spider:3 | Found a frozen archway.
 32521 | IceCv    | Entered an ice cave
 33281 | IceCv    | Got a pair of dazzling boots
 33535 | IceCv    | Identified the +3 pair of boots of the Learner {Regen+ MP+9
                  | Str+7 Int+4} (You found it in an ice cave)
 34854 | Spider:4 | Entered Level 4 of the Spider Nest
 35066 | Spider:4 | Reached XP level 18. HP: 115/115 MP: 26/26
 37144 | D:15     | Noticed an iron giant
 37145 | D:15     | an iron giant changed into an iron troll
 37150 | D:15     | Noticed a quicksilver dragon
 37150 | D:15     | an iron troll changed into a quicksilver dragon
 37152 | D:15     | a quicksilver dragon changed into a fire giant
 37164 | D:15     | Noticed a quicksilver dragon
 37164 | D:15     | an alligator snapping turtle changed into a quicksilver
                  | dragon
 37165 | D:15     | a quicksilver dragon changed into a frost giant
 37343 | D:15     | Found a staircase to the Depths.
 37427 | Depths:1 | Entered Level 1 of the Depths
 38957 | Depths:1 | Paralysed by a sphinx for 4 turns
 39121 | Depths:1 | Found a gateway to Hell.
 39142 | Depths:1 | Gained mutation: You are dopey. (Int -2) [a shining eye]
 39498 | Depths:1 | Reached XP level 19. HP: 73/120 MP: 27/27
 39790 | Depths:1 | Reached skill level 14 in Fighting
 39928 | Depths:2 | Noticed a lich
 39939 | Depths:2 | Killed a lich
 39973 | Depths:2 | Paralysed by a floating eye for 3 turns
 40090 | Depths:2 | Paralysed by a floating eye for 4 turns
 40101 | Depths:2 | Paralysed by a floating eye for 3 turns
 41214 | Depths:2 | Found a gateway to a ziggurat.
 41244 | Depths:2 | Noticed Saint Roka
 43027 | Spider:4 | Got a gossamer rune of Zot
 43438 | Vaults:1 | Entered Level 1 of the Vaults
 43996 | Vaults:1 | Reached XP level 20. HP: 128/128 MP: 29/29
 44855 | Vaults:2 | You are sucked into a shaft and drop 1 floor!
 45098 | Vaults:2 | Reached skill level 15 in Dodging
 45136 | Vaults:2 | Found a magical portal.
 45159 | WizLab   | Entered Wucad Mu's Monastery
 46473 | Vaults:1 | Reached skill level 15 in Shields
 47198 | Vaults:1 | Found Caxoent's Magic Scroll Boutique.
 47210 | Vaults:1 | Found a huge runed gate.
 47210 | Vaults:1 | Found a huge runed gate.
 47210 | Vaults:1 | Found a huge runed gate.
 47213 | Vaults:1 | Found a huge runed gate.
 47224 | Vaults:1 | Found a huge runed gate.
 47224 | Vaults:1 | Found a huge runed gate.
 47224 | Vaults:1 | Found a huge runed gate.
 47224 | Vaults:1 | Found a huge runed gate.
 47228 | Vaults:1 | Found a huge runed gate.
 47246 | Vaults:1 | Found a huge runed gate.
 47246 | Vaults:1 | Found a huge runed gate.
 47246 | Vaults:1 | Found a huge runed gate.
 47246 | Vaults:1 | Found a huge runed gate.
 47246 | Vaults:1 | Found a huge runed gate.
 47247 | Vaults:1 | Found a huge runed gate.
 47248 | Vaults:1 | Found a huge runed gate.
 47249 | Vaults:1 | Found a huge runed gate.
 47250 | Vaults:1 | Found a huge runed gate.
 47258 | Vaults:1 | Found a huge runed gate.
 47258 | Vaults:1 | Found a huge runed gate.
 47258 | Vaults:1 | Found a huge runed gate.
 47258 | Vaults:1 | Found a huge runed gate.
 47258 | Vaults:1 | Found a huge runed gate.
 47258 | Vaults:1 | Found a huge runed gate.
 47258 | Vaults:1 | Found a huge runed gate.
 47426 | Vaults:1 | You are sucked into a shaft and drop 1 floor!
 47634 | Vaults:2 | Reached skill level 15 in Fighting
 48000 | Vaults:2 | Found a staircase to the Crypt.
 48000 | Vaults:2 | Found an ancient bone altar of Kikubaaqudgha.
 48001 | Vaults:2 | Found a basalt altar of Yredelemnul.
 48036 | Vaults:2 | Reached XP level 21. HP: 134/134 MP: 31/31
 48190 | Vaults:2 | Cast into level 4 of the Abyss (a lich)
 48190 | Abyss:4  | Found a corrupted altar of Lugonu.
 48198 | Vaults:2 | Escaped the Abyss
 48210 | Vaults:2 | Reached XP level 22. HP: 127/140 MP: 32/32
 48478 | Vaults:2 | Noticed Mara
 48492 | Vaults:2 | Killed Mara
 49396 | Vaults:1 | Found a huge runed gate.
 49404 | Vaults:1 | Found a huge runed gate.
 49404 | Vaults:1 | Found a huge runed gate.
 49404 | Vaults:1 | Found a huge runed gate.
 49404 | Vaults:1 | Found a huge runed gate.
 49404 | Vaults:1 | Found a huge runed gate.
 49404 | Vaults:1 | Found a huge runed gate.
 49404 | Vaults:1 | Found a huge runed gate.
 49405 | Vaults:1 | Found a huge runed gate.
 49406 | Vaults:1 | Found a huge runed gate.
 49414 | Vaults:1 | Found a huge runed gate.
 49580 | Vaults:1 | Identified the +10 spear "Ilugiap" {vamp, Str-2 Int+3 Dex+7
                  | Stlth+}
 49836 | Vaults:3 | Noticed Donald
 49885 | Vaults:3 | Killed Donald
 50743 | Vaults:3 | Noticed Bai Suzhen
 50925 | Vaults:3 | Killed Bai Suzhen
 54816 | Vaults:4 | Reached XP level 23. HP: 146/146 MP: 34/34
 56191 | Vaults:4 | Found Wejemn's Antique Armour Boutique.
 56199 | Vaults:4 | Bought an embroidered cloak for 300 gold pieces
 56199 | Vaults:4 | Bought a shiny helmet for 300 gold pieces
 56396 | Vaults:4 | Noticed a caustic shrike
 56404 | Vaults:4 | Killed a caustic shrike
 56710 | Vaults:5 | Entered Level 5 of the Vaults
 56711 | Vaults:5 | Reached skill level 16 in Fighting
 56711 | Vaults:5 | Reached skill level 15 in Invocations
 56713 | Vaults:5 | Reached skill level 15 in Maces & Flails
 56726 | Vaults:5 | Noticed Boris
 57114 | Elf:1    | Entered Level 1 of the Elven Halls
 57587 | Elf:1    | Found Qironk's Antique Weapon Emporium.
 58409 | Elf:2    | Found Ibbyr's Distillery.
 58420 | Elf:2    | Bought a potion of haste for 160 gold pieces
 58497 | Elf:2    | Found a runed translucent gate.
 58500 | Elf:2    | Found a runed translucent gate.
 58507 | Elf:2    | Found a runed translucent gate.
 59215 | Elf:3    | Entered Level 3 of the Elven Halls
 59218 | Elf:3    | Reached XP level 24. HP: 154/154 MP: 34/34
 59536 | Elf:3    | Found Laannid's Book Shoppe.
 59611 | Elf:3    | Paralysed by a sphinx for 4 turns
 59627 | Elf:3    | Reached skill level 17 in Fighting
 59709 | Elf:3    | Found the +2 robe of Vines {NoPotionHeal Regen+7}
 59721 | Elf:3    | Got a jewelled quarterstaff
 62433 | Elf:3    | Identified the +2 glaive of Eternal Vigilance {pain, rF+
                  | rC+ MR+ Str+4}
 62473 | Elf:3    | Identified the +8 war axe of Tenacity {drain, MP-9 Str+4
                  | Dex+4}
 62621 | Elf:3    | Identified the +7 falchion "Heorch" {venom, Int+5 Stlth+}
 62736 | Elf:3    | Identified the Reference Book on Envenoming and Feathers
 62758 | Elf:3    | Identified the Grimoire of Attacks and Cold
 62762 | Elf:3    | Identified Inoinwoa's Guide on Fetching Unholy Rites
 63228 | Elf:3    | Got a polished mace
 63229 | Elf:3    | Identified the cursed +1 mace "Anilan" {vorpal, rF- rC+
                  | Dex+6} (You found it on level 3 of the Elven Halls)
 63255 | Elf:3    | Got a distressingly furry plate armour
 63256 | Elf:3    | Identified the cursed +1 plate armour of the Raven {*Contam
                  | +Inv rN+ Str+3} (You found it on level 3 of the Elven
                  | Halls)
 63549 | Shoals:1 | Entered Level 1 of the Shoals
 64757 | Shoals:1 | Found a shadowy altar of Dithmenos.
 65705 | Vaults:5 | Reached skill level 18 in Fighting
 65707 | Vaults:5 | Reached XP level 25. HP: 163/163 MP: 24/35
 66377 | Depths:2 | Found a runed translucent gate.
 66377 | Depths:2 | Found a runed translucent gate.
 66377 | Depths:2 | Found a runed translucent gate.
 66388 | Depths:2 | Found Gop Hinn's Assorted Antiques.
 66396 | Depths:2 | Bought an iridescent broad axe for 378 gold pieces
 66396 | Depths:2 | Identified the cursed +0 broad axe "Naapnodghur" {flame,
                  | rF+ Str-2 Dex+4} (You bought it in a shop on level 2 of the
                  | Depths)
 66414 | Depths:2 | Killed Saint Roka
 66897 | Depths:2 | Found a portal to a secret trove of treasure.
 67077 | Depths:2 | You paid a toll of 6 scrolls of fog to enter a treasure
                  | trove
 67078 | Trove    | Entered a treasure trove
 67084 | Trove    | Found the +10 morningstar "Eos" {elec, Halo rElec}
 67091 | Trove    | Got a glittering garnet amulet
 67124 | Trove    | Got a glittering golden amulet
 67135 | Trove    | Identified the amulet of Gepeorum {RegenMP rC++ Int-4 SInv}
                  | (You found it in a treasure trove)
 67136 | Trove    | Identified the amulet "Ucacegg" {rN+ Regen+ Int+4} (You
                  | found it in a treasure trove)
 68100 | Depths:3 | Found a one-way gate to the infinite horrors of the Abyss.
 68754 | Depths:3 | Found a one-way gate leading to the halls of Pandemonium.
 69342 | Vaults:4 | Reached skill level 19 in Fighting
 69995 | Vaults:4 | Reached XP level 26. HP: 172/172 MP: 35/35
 70432 | Vaults:4 | Killed Boris
 70473 | Vaults:5 | Noticed an ancient lich
 70524 | Vaults:4 | Killed an ancient lich
 71193 | Vaults:5 | Got a silver rune of Zot
 71385 | Vaults:5 | Reached skill level 1 in Long Blades
 71430 | Vaults:5 | Found Mebih's Magic Scroll Shop.
 71434 | Vaults:5 | Bought a scroll of enchant weapon for 150 gold pieces
 71434 | Vaults:5 | Bought a scroll of enchant weapon for 150 gold pieces
 71434 | Vaults:5 | Bought a scroll of acquirement for 1040 gold pieces
 71434 | Vaults:5 | Bought a scroll of enchant weapon for 150 gold pieces
 71447 | Vaults:5 | Found Ichifautz's Magic Scroll Emporium.
 71456 | Vaults:5 | Bought 2 scrolls of enchant weapon for 285 gold pieces
 71501 | Vaults:5 | Found Hidiuk's Gadget Shoppe.
 71619 | Vaults:5 | Found Ekiodonn's Gadget Shoppe.
 71651 | Vaults:5 | Found Ogulliarr's Distillery.
 71765 | Vaults:5 | Found Vubask's Distillery.
 71863 | Vaults:5 | Acquired the +4 helmet "Hunkopoi" {Int+4}
 72025 | Crypt:1  | Entered Level 1 of the Crypt
 72201 | Crypt:1  | Reached skill level 20 in Fighting
 72239 | Crypt:1  | Noticed Margery
 72256 | Crypt:1  | Killed Margery
 72638 | Vaults:5 | Bought a scroll of blinking for 150 gold pieces
 73378 | Crypt:1  | Paralysed by a vampire knight for 7 turns
 73597 | Crypt:2  | Reached XP level 27. HP: 180/180 MP: 35/35
 74853 | Crypt:3  | Entered Level 3 of the Crypt
 76320 | Crypt:3  | Noticed an ancient lich
 76339 | Crypt:3  | Killed an ancient lich
 76559 | Crypt:3  | Found an ancient bone altar of Kikubaaqudgha.
 76600 | Crypt:3  | Got a transparent tin ring
 76600 | Crypt:3  | Got a twitching granite ring
 76600 | Crypt:3  | Got a sparkling lapis lazuli ring
 76640 | Crypt:3  | Found a staircase to the Tomb.
 76809 | Crypt:3  | Reached skill level 5 in Long Blades
 76993 | Crypt:3  | Identified the ring of Zulaet {rN+ MR+ Int+2 Dex+2} (You
                  | found it on level 3 of the Crypt)
 76994 | Crypt:3  | Identified the ring "Huwex" {rN+ SInv} (You found it on
                  | level 3 of the Crypt)
 76997 | Crypt:3  | Identified the ring "Xikkypu" {rF+ rN+ MR+ Slay+2} (You
                  | found it on level 3 of the Crypt)
 77402 | Depths:4 | Reached skill level 21 in Fighting
 77497 | Depths:4 | Noticed Boris
 77535 | Depths:3 | Killed Boris
 77838 | Depths:4 | Noticed the Enchantress
 77894 | Depths:3 | Killed the Enchantress
 78313 | Depths:4 | Found a corrupted altar of Lugonu.
 78621 | Depths:5 | Entered Level 5 of the Depths
 79942 | Depths:5 | Found a gate to the Realm of Zot.
 80177 | Depths:4 | Reached skill level 22 in Fighting
 81126 | Shoals:2 | Found Wonex's Armour Shop.
 81274 | Shoals:2 | Found Gavioci's General Store.
 81283 | Shoals:2 | Found Nadat's Jewellery Emporium.
 81307 | Shoals:2 | Identified the Grimoire of Companions
 81868 | Shoals:3 | Noticed Ilsuiw
 81889 | Shoals:3 | Killed Ilsuiw
 81932 | Shoals:3 | Found the +9 staff of Wucad Mu {channel}
 82504 | Shoals:4 | Entered Level 4 of the Shoals
 82716 | Shoals:4 | Noticed Nikola
 82729 | Shoals:4 | Killed Nikola
 83404 | Shoals:4 | Found Neruc's Magic Scroll Shop.
 83416 | Shoals:4 | Bought a scroll of magic mapping for 45 gold pieces
 83416 | Shoals:4 | Bought a scroll of identify for 26 gold pieces
 83416 | Shoals:4 | Bought a scroll of magic mapping for 45 gold pieces
 83416 | Shoals:4 | Bought a scroll of identify for 26 gold pieces
 83416 | Shoals:4 | Bought a scroll of teleportation for 39 gold pieces
 83558 | Shoals:4 | Got a barnacled rune of Zot
 84302 | Zot:1    | Entered Level 1 of the Realm of Zot
 85000 | Zot:1    | Got a slimy copper ring
 85001 | Zot:1    | Identified the ring of Uskayaw's Anger {*Tele rPois rN+
                  | Str-4 SInv} (You found it on level 1 of the Realm of Zot)
 87364 | Zot:3    | Reached skill level 23 in Fighting
 90343 | Zot:5    | Entered Level 5 of the Realm of Zot
 90471 | Zot:5    | Found a runed translucent door.
 90490 | Zot:5    | Noticed krigyl's ghost (adept DDWr)
 90852 | Zot:5    | Killed krigyl's ghost
 91862 | Zot:5    | Noticed an ancient lich
 91885 | Zot:5    | Killed an ancient lich
 91885 | Zot:5    | Reached skill level 10 in Long Blades
 92013 | Zot:5    | Noticed an ancient lich
 92029 | Zot:5    | Killed an ancient lich
 93207 | Zot:5    | Reached skill level 24 in Fighting
 93345 | Zot:5    | Noticed an ancient lich
 93357 | Zot:5    | Killed an ancient lich
 95292 | Zot:5    | Noticed an orb of fire
 95295 | Zot:5    | Noticed an orb of fire
 95297 | Zot:5    | Gained mutation: Your flesh is heat resistant. (rF+) [an
                  | orb of fire]
 95305 | Zot:5    | Noticed an ancient lich
 95307 | Zot:5    | Gained mutation: You are very dopey. (Int -4) [an orb of
                  | fire]
 95308 | Zot:5    | Gained mutation: Scrolls take you a little longer to read.
                  | [an orb of fire]
 95309 | Zot:5    | Gained mutation: Scrolls take you longer to read. [an orb
                  | of fire]
 95310 | Zot:5    | Gained mutation: You occasionally shout uncontrollably at
                  | your foes. [an orb of fire]
 95310 | Zot:5    | Gained mutation: You have a somewhat thin skeletal
                  | structure. (Dex +2, Stealth) [an orb of fire]
 95315 | Zot:5    | Gained mutation: You are weak. (Str -2) [an orb of fire]
 95318 | Zot:5    | Gained mutation: Scrolls take you much longer to read. [an
                  | orb of fire]
 95319 | Zot:5    | Gained mutation: Your magical capacity is low. (-10% MP)
                  | [an orb of fire]
 95320 | Zot:5    | Killed an orb of fire
 95332 | Zot:5    | Killed an ancient lich
 95332 | Zot:5    | Gained mutation: Your magical capacity is very low. (-20%
                  | MP) [an orb of fire]
 95333 | Zot:5    | Gained mutation: Armour fits poorly on your strangely
                  | shaped body. [an orb of fire]
 95347 | Zot:5    | Killed an orb of fire
 95474 | Zot:5    | Noticed an ancient lich
 95492 | Zot:5    | Killed an ancient lich
 96022 | Zot:5    | Noticed an orb of fire
 96029 | Zot:5    | Gained mutation: You sometimes yell uncontrollably at your
                  | foes. [an orb of fire]
 96042 | Zot:5    | Killed an orb of fire
 96358 | Zot:5    | Noticed an ancient lich
 96370 | Zot:5    | Killed an ancient lich
 96829 | Hell     | Entered the Vestibule of Hell
 96829 | Hell     | Noticed Geryon
 96857 | Hell     | Killed Geryon
 97320 | Hell     | Found a gateway to the Iron City of Dis.
 97380 | Hell     | Found a gateway to the freezing wastes of Cocytus.
 97481 | Hell     | Found a gateway to the ashen valley of Gehenna.
 97553 | Hell     | Found a gateway to the decaying netherworld of Tartarus.
 97625 | Dis:1    | Entered Level 1 of the Iron City of Dis
 98299 | Dis:4    | Reached skill level 25 in Fighting
 98939 | Dis:4    | Found a huge runed gate.
 98939 | Dis:4    | Found a huge runed gate.
 98939 | Dis:4    | Found a huge runed gate.
 98939 | Dis:4    | Found a huge runed gate.
 98939 | Dis:4    | Found a huge runed gate.
 98939 | Dis:4    | Found a huge runed gate.
 98939 | Dis:4    | Found a huge runed gate.
 98939 | Dis:4    | Found a huge runed gate.
 98939 | Dis:4    | Found a huge runed gate.
 98939 | Dis:4    | Found a huge runed gate.
 99535 | Dis:7    | Entered Level 7 of the Iron City of Dis
 99972 | Dis:7    | Identified the Compendium of Translocation and
                  | Confrontation
 99975 | Dis:7    | Got a pair of polished gloves
 99980 | Dis:7    | Identified the +2 pair of gloves "Tues" {-Tele Str+4 Dex+3}
                  | (You found it on level 7 of the Iron City of Dis)
100757 | Dis:7    | Reached skill level 26 in Fighting
100836 | Dis:7    | Identified the +6 trident of Annoyance {flame, rPois rC++
                  | Str+4 SInv}
100980 | Dis:7    | Identified the +4 staff of Dispater
100980 | Dis:7    | Noticed Dispater
101034 | Dis:7    | Killed Dispater
101236 | Dis:7    | Got an iron rune of Zot
101509 | Geh:1    | Entered Level 1 of Gehenna
102110 | Geh:7    | Entered Level 7 of Gehenna
102129 | Geh:7    | Identified the +7 sceptre of Asmodeus
102129 | Geh:7    | Noticed Asmodeus
102155 | Geh:7    | Killed Asmodeus
102175 | Geh:7    | Got an obsidian rune of Zot
103020 | Pan      | Entered the realm of Mnoleg.
103020 | Pan      | Entered Pandemonium
103071 | Pan      | Gained mutation: You are clumsy. (Dex -2) [a neqoxec]
103072 | Pan      | Gained mutation: You do not regenerate when monsters are
                  | visible. [a neqoxec]
103088 | Pan      | Gained mutation: Your spells are a little easier to cast,
                  | but a little less powerful. [a neqoxec]
103089 | Pan      | Gained mutation: You tend to lose your temper in combat. [a
                  | neqoxec]
103089 | Pan      | Gained mutation: You are frail. (-10% HP) [a neqoxec]
103089 | Pan      | Lost mutation: You are frail. (-10% HP) [a neqoxec]
103090 | Pan      | Gained mutation: You are very weak. (Str -4) [a cacodemon]
103101 | Pan      | Gained mutation: Your body sometimes deteriorates upon
                  | taking damage. [a shining eye]
103103 | Pan      | Gained mutation: You are frail. (-10% HP) [a shining eye]
103131 | Pan      | Gained mutation: You are very clumsy. (Dex -4) [a shining
                  | eye]
103148 | Pan      | Gained mutation: Your body often deteriorates upon taking
                  | damage. [a cacodemon]
103154 | Pan      | Gained mutation: You are very frail. (-20% HP) [a
                  | cacodemon]
103171 | Pan      | Gained mutation: Your magical capacity is extremely low.
                  | (-30% MP) [a shining eye]
103252 | Pan      | Reached skill level 27 in Fighting
103289 | Pan      | Gained mutation: You are extremely frail. (-30% HP) [a
                  | shining eye]
103296 | Pan      | Reached skill level 15 in Long Blades
103315 | Pan      | Gained mutation: Your spells are easier to cast, but less
                  | powerful. [a cacodemon]
103317 | Pan      | Gained mutation: You frequently scream uncontrollably at
                  | your foes. [a cacodemon]
103347 | Pan      | Lost mutation: You are very clumsy. (Dex -4) [potion of
                  | mutation]
103347 | Pan      | Lost mutation: Your magical capacity is extremely low.
                  | (-30% MP) [potion of mutation]
103347 | Pan      | Lost mutation: You are extremely frail. (-30% HP) [potion
                  | of mutation]
103347 | Pan      | Lost mutation: You are very weak. (Str -4) [potion of
                  | mutation]
103347 | Pan      | Gained mutation: You have large cloven feet. [potion of
                  | mutation]
103353 | Pan      | Noticed Mnoleg
103395 | Pan      | Killed Mnoleg
103530 | Pan      | Gained mutation: You are very clumsy. (Dex -4) [a neqoxec]
103646 | Pan      | Gained mutation: You are occasionally teleported next to
                  | monsters. [a neqoxec]
103649 | Pan      | Gained mutation: You are extremely frail. (-30% HP) [a
                  | neqoxec]
103680 | Pan      | Gained mutation: You are very weak. (Str -4) [a cacodemon]
104133 | Pan      | Got a glowing rune of Zot
104169 | Pan      | Gained mutation: Your spells are much easier to cast, but
                  | much less powerful. [a neqoxec]
104171 | Pan      | Gained mutation: You often lose your temper in combat. [a
                  | neqoxec]
104172 | Pan      | Gained mutation: Your magical capacity is extremely low.
                  | (-30% MP) [a neqoxec]
104281 | Pan      | Gained mutation: You have an uncontrollable temper. [a
                  | cacodemon]
104312 | Pan      | Killed from afar by a daeva

Illustrated notes

Levels and vault maps discovered:
D:1:      psy_arrival_basics, layout_loops_ring, minmay_misc_feat_five,
          minmay_splitting_lines, minmay_bisected
D:2:      layout_loops_ring, lemuel_coloured_pillars_altar, uniq_terence
D:3:      layout_basic, lemuel_doored_altar,
          yredelemnul_forgotten_temple_becter, uniq_robin
D:4:      layout_cave_pools, gammafunk_ghost_stat_death, uniq_menkaure,
          uniq_eustachio
D:5:      layout_basic, minmay_temple_entry_enclosed_plants,
          gup_ossuary_entry_pyramid, serial_shops, shop, cheibriados_altar_1,
          uniq_duvessa
D:6:      layout_layer_cave, kennysheep_mini_moat, kiku_gazebo_garden_becter,
          zin_scriptorium, minmay_quadrilaterals, uniq_blork_the_orc
D:7:      layout_cave_pools, roderic_batcave
D:8:      layout_basic, enter_bailey_3, hangedman_abyss_or_decor_lesser_grid,
          hangedman_feature_mirror, minmay_misc_feat_tower, uniq_pikel
D:9:      layout_basic
D:10:     layout_long_grid, lair_entry_dummy, zaba_anthell
D:11:     layout_long_grid, zombieorc1_lemuel
D:12:     layout_basic, minmay_guarded_unrand_skullcrusher, uniq_kirke
D:13:     layout_roguey, minmay_increasing_density
D:14:     layout_basic, erik_vaults_1, gammafunk_ghost_spectres,
          chequers_serial_rivers_micro_e, grunt_ministairs_2, glass_columns_a
D:15:     gammafunk_enter_depths_forms, layout_small_grid, serial_shops, shop,
          serial_bayou_pond_a
Temple:   regret_index_temple_generic_petals
Lair:1:   layout_misc_corridors, grunt_megastairs_2, serial_bayou_shore_b,
          uniq_joseph
Lair:2:   layout_regular_city, chequers_serial_rivers_room_b
Lair:3:   layout_chaotic_city, infiniplex_staircase_pool_2
Lair:4:   layout_loops_ring, elwin_shoals_entry_rocks,
          nicolae_spider_entry_orb_guardian, special_room [special_room_bee]
Lair:5:   layout_long_grid, minmay_slime_entry_oklob_enclosed,
          grunt_megastairs_4, serial_bayou_shore_b, serial_bayou_shore_a,
          serial_bayou_shore_b
Lair:6:   grunt_lair_end_beastmaster, layout_hall_layers, st_stairs_5,
          nicolae_lair_yak_garden, infiniplex_staircase_pool,
          lemuel_fruit_fields, lemuel_fruit_tree
Shoals:1: layout_shoals, wheals_shoals_ruined_temple
Shoals:2: layout_shoals, serial_shops, shop_statue, nicolae_shop_crystal,
          shop_statue, hangedman_shoals_cup_caves
Shoals:3: layout_shoals, uniq_ilsuiw
Shoals:4: shoals_end_grunt_ice, layout_shoals, serial_shops,
          nicolae_shop_window_shopping, uniq_nikola
Spider:1: layout_spider_delve
Spider:2: layout_spider_delve, uniq_frances
Spider:3: layout_chambers, portal_ice_cave_entry_ice_statue_two, hive_lemuel,
          uniq_louise, uniq_arachne
Spider:4: johnstein_spider_rune_arachne_lair, guppyfry_spider_mini_2
Orc:1:    layout_caves, mines_bat_river
Orc:2:    st_orc_open, layout_caves
Elf:1:    eino_elf_arrival_the_gate, layout_geoelf_grid, serial_shops, shop,
          minmay_elf_crystal_heptagon, minivault_5
Elf:2:    layout_loops_ring, serial_shops, shop
Elf:3:    minmay_elf_hall_four_x, layout_geoelf_grid, serial_shops, shop,
          special_room [special_room_mythical_zoo], kilobyte_mutagenic_chamber,
          roderic_lattice_octagonal_star
Vaults:1: ontoclasm_vaults_shuriken, ontoclasm_vaults_claustrophobia,
          vaults_standard_mumra_lines, v_misc_1, vaults_room_pools,
          vaults_door_vault, v_misc_9, v_misc_5, v_misc_30,
          nicolae_vaults_angled_halls, layout_vaults_big_room, serial_shops,
          nicolae_shop_waterfront
Vaults:2: v_misc_5, v_rooms_4, minmay_crypt_entry_necro_gods, v_misc_4,
          nicolae_vaults_diagonal_hallway_8, nicolae_vaults_back_hallway,
          ontoclasm_vaults_loading_screen, hangedman_vaults_nails,
          hangedman_vaults_corner_blocks, vaults_room_guarded_vault,
          nicolae_vaults_circle_grid_a, hangedman_vaults_locks,
          vaults_room_pool, v_misc_8, layout_vaults_omnibox,
          lightli_enter_wizlab_magi_temple, uniq_mara
Vaults:3: v_misc_30, ontoclasm_vaults_ring_large, hangedman_vaults_corner,
          ontoclasm_vaults_gallery, ontoclasm_vaults_tryst,
          nicolae_vaults_arrows, v_misc_27, v_misc_19, v_rooms_6,
          hangedman_vaults_pinch, vaults_room_semicircle,
          nicolae_vaults_little_ls, vaults_dpeg_ring, layout_vaults_big_cross,
          uniq_bai_suzhen, uniq_donald
Vaults:4: vaults_standard_mumra_x, v_misc_18, v_misc_33,
          hangedman_vaults_corner_blocks, v_rooms_1, vaults_dpeg_spiral,
          hangedman_vaults_stretched_pinwheel, v_misc_13, hangedman_vaults_trim,
          v_misc_27, v_misc_14, v_alt_pattern_3, grunt_vaults_focal,
          layout_vaults_ring, serial_shops, nicolae_shop_trees
Vaults:5: serial_shops, uniq_boris
Crypt:1:  layout_misc_corridors, uniq_margery
Crypt:2:  layout_gridlike, grunt_ministairs_2, minigarden_bobbens
Crypt:3:  cryptofortress_bobbens
Depths:1: layout_cave_shapes, hellmouth_3, kennysheep_cross_bottleneck,
          grunt_ministairs_10, kennysheep_small_square
Depths:2: grunt_bruiser_brothers, layout_basic, ziggurat_fallback, serial_shops,
          shop, hell_entry, hangedman_decor_points, serial_sigils,
          serial_sigils_hangedman_etch, serial_sigils_hangedman_leer,
          serial_sigils_hangedman_quiver, serial_sigils_hangedman_scratch,
          serial_sigils_hangedman_shear, nicolae_trove_entry_columns,
          pandoras_box_mu, uniq_saint_roka
Depths:3: evilmike_pillar_path, layout_cave_pools, serial_sigils_hangedman_gut,
          rand_demon_pan_entry_8, abyss_entry, hell_entry,
          infiniplex_staircase_pillars_1, firewood_loft
Depths:4: minmay_skeletal_surprise, layout_cave_pools, grunt_hell_horde,
          skrybe_limestone_x, abyss_entry_flame_altar, hangedman_decor_lopped,
          uniq_enchantress
Depths:5: grunt_zot_entry_bicorn, layout_gridlike, pan_entry, hell_entry,
          minivault_14, abyss_entry, minmay_crystal_water
Hell
Dis:1:    layout_regular_city
Dis:2:    layout_jigsaw
Dis:3:    layout_chaotic_city
Dis:4:    kennysheep_iron_temple, layout_regular_city, not_door_vault_mu
Dis:5:    layout_subdivisions
Dis:6:    layout_regular_city, evilmike_ambush [evilmike_ambush_outer_basic,
          evilmike_ambush_inner_basic]
Dis:7:    dis_hangedman
Geh:1:    layout_gehenna_pools_triple
Geh:2:    layout_gehenna_lava_caves
Geh:3:    layout_gehenna_pools_basic
Geh:4:    layout_gehenna_lava_caves
Geh:5:    layout_gehenna_pools_triple
Geh:6:    layout_gehenna_pools_basic, nicolae_geh_single_fiery_grave,
          lemuel_flamethrower_2
Geh:7:    geh_grunt
Zot:1:    layout_cellular_growth
Zot:2:    kennysheep_blocky_hall, layout_onion_interference
Zot:3:    layout_misc_corridors
Zot:4:    layout_twisted_circle
Zot:5:    layout_basic, ebering_ghost_reflecting_pool, skrybe_zot_glass_2
Pan:      evilmike_mnoleg_eyes, layout_cross, pan_blood_fountain,
          evilmike_mini_pan_layers, layout_basic

Skill      XL: |  1  2  3  4  5  6  7  8  9 10 11 12 13 14 15 16 17 18 19 20 21 22 23 24 25 26 27 |
---------------+----------------------------------------------------------------------------------+-----
Dodging        | 1 2 3 4 5 7 8 9 10 11 12 13 14 15 16 17 18 19 21 | 21.6
Fighting       | 4 5 6 7 8 9 10 11 12 13 14 15 16 18 19 20 27 | 27.0
Maces & Flails | 3 4 5 6 7 8 9 10 11 12 13 14 15 16 17 20 | 20.3
Armour         | 4 5 6 7 9 10 11 13 14 15 16 17 18 19 20 21 22 25 | 25.5
Shields        | 4 5 6 7 8 9 10 11 12 13 14 15 16 17 18 22 | 22.8
Invocations    | 3 5 6 8 9 10 11 12 13 14 15 16 17 22 | 22.2
Long Blades    | 3 15 | 15.6

Action                   |  1- 3 |  4- 6 |  7- 9 | 10-12 | 13-15 | 16-18 | 19-21 | 22-24 | 25-27 || total
-------------------------+-------+-------+-------+-------+-------+-------+-------+-------+-------++-------
Melee: Flail             |   177 |   223 |   521 |   654 |  1143 |   161 |       |       |       ||  2879
       Morningstar       |       |       |    34 |    17 |   311 |  1048 |   414 |       |  5533 ||  7357
       Unarmed           |       |       |       |       |     9 |       |       |       |       ||     9
       Eveningstar       |       |       |       |       |       |   677 |  1070 |  1681 |   152 ||  3580
       Double sword      |       |       |       |       |       |       |       |       |   200 ||   200
Throw: Javelin           |       |       |     9 |     2 |    14 |     6 |       |       |       ||    31
       Boomerang         |       |       |       |       |    19 |       |       |       |       ||    19
Invok: Upheaval          |       |       |     1 |     1 |       |       |       |       |       ||     2
       Disaster Area     |       |       |       |       |     7 |     3 |     4 |    12 |    26 ||    52
       Elemental Force   |       |       |       |       |       |       |       |       |     1 ||     1
 Abil: Fly               |       |       |       |       |       |     1 |       |     1 |       ||     2
       Stop Flying       |       |       |       |       |       |       |       |     1 |       ||     1
Evoke: Wand              |       |       |    19 |     4 |    19 |    19 |     2 |     2 |     4 ||    69
  Use: Scroll            |       |     7 |    12 |    13 |     7 |     8 |     6 |     6 |    24 ||    83
       Potion            |       |       |     1 |       |       |       |     1 |     1 |     5 ||     8
 Stab: Paralysed         |       |       |     5 |       |       |       |       |       |       ||     5
       Petrified         |       |       |       |       |     2 |       |       |       |       ||     2
       Distracted        |       |       |       |       |       |       |       |       |     1 ||     1
Armor: Scale mail        |   104 |   115 |   248 |    29 |       |       |       |       |       ||   496
       Crystal plate arm |       |       |       |   270 |   715 |   955 |   843 |   414 |  2094 ||  5291
Dodge: Dodged            |    57 |    60 |   217 |   128 |   399 |   984 |   756 |   344 |  1629 ||  4574
       Repelled          |       |       |       |       |     8 |    13 |     4 |    26 |    56 ||   107
Block: Kite shield       |   117 |   160 |   441 |   688 |  2193 |  3147 |  2531 |  1832 |  1931 || 13040
       Reflection        |       |       |       |       |    29 |    71 |   105 |   173 |       ||   378
       Other             |       |       |       |       |     7 |       |       |       |       ||     7
       Tower shield      |       |       |       |       |       |       |       |    22 |  7134 ||  7156
       Rpst.: Double sword |       |       |       |       |       |       |       |       |     7 ||     7

Table legend: (Time is in decaauts)
 A = Elapsed time spent in this place.
 B = Non-inter-level travel time spent in this place.
 C = Inter-level travel time spent in this place.
 D = Time resting spent in this place.
 E = Time spent auto-exploring this place.
 F = Levels seen in this place.
 G = Mean time per level.
                   A        B        C        D        E       F      G
               +--------+--------+--------+--------+--------+-----+--------+
         Total | 102445 |  94145 |   8300 |  39217 |  30051 |  76 | 1348.0 |
       Dungeon |  21282 |  18766 |   2516 |   5862 |   8024 |  15 | 1418.8 |
        Temple |    261 |    205 |     56 |      0 |    203 |   1 |  261.0 |
          Lair |   9800 |   8568 |   1232 |   3424 |   3345 |   6 | 1633.3 |
        Shoals |   4677 |   4487 |    190 |   1153 |   2510 |   4 | 1169.2 |
   Spider Nest |   6413 |   6016 |    397 |   2786 |   1817 |   4 | 1603.2 |
  Orcish Mines |   1780 |   1667 |    113 |    608 |    645 |   2 |  890.0 |
   Elven Halls |   6061 |   5737 |    324 |   2601 |   1742 |   3 | 2020.3 |
        Vaults |  16182 |  14476 |   1706 |   7576 |   3626 |   5 | 3236.4 |
         Crypt |   4477 |   4354 |    123 |   1627 |   1639 |   3 | 1492.3 |
        Depths |   9431 |   8325 |   1106 |   3517 |   2595 |   5 | 1886.2 |
          Hell |    898 |    766 |    132 |    277 |    309 |   1 |  898.0 |
           Dis |   3485 |   3485 |      0 |    801 |    404 |   7 |  497.9 |
       Gehenna |    976 |    976 |      0 |    119 |      0 |   7 |  139.4 |
           Zot |  12223 |  11820 |    403 |   7840 |   2357 |   5 | 2444.6 |
         Abyss |      7 |      7 |      0 |      0 |      0 |   1 |    7.0 |
   Pandemonium |   1204 |   1204 |      0 |    120 |    430 |   2 |  602.0 |
         Trove |     95 |     95 |      0 |      0 |      0 |   1 |   95.0 |
       Ossuary |    612 |    612 |      0 |    320 |     94 |   1 |  612.0 |
        Bailey |    652 |    652 |      0 |    191 |     14 |   1 |  652.0 |
      Ice Cave |   1027 |   1027 |      0 |    324 |    269 |   1 | 1027.0 |
        Wizlab |    892 |    892 |      0 |     68 |     27 |   1 |  892.0 |
               +--------+--------+--------+--------+--------+-----+--------+

Top non-repeatable levels by time:
   Zot:5: 6257 daAuts
Vaults:4: 6139 daAuts
   Elf:3: 4015 daAuts
Vaults:1: 3273 daAuts
Depths:2: 2960 daAuts
Vaults:2: 2732 daAuts
Vaults:3: 2683 daAuts
  Lair:4: 2622 daAuts
    D:15: 2554 daAuts
Spider:4: 2470 daAuts
Spider:3: 2171 daAuts
 Crypt:3: 2100 daAuts
Depths:5: 1966 daAuts
     D:6: 1936 daAuts
Depths:3: 1900 daAuts
